 Dungeon Crawl Stone Soup version 0.18.1-48-g4cf74bf (console) character file.

98 Kloppie the Skirmisher (level 4, -15/41 HPs)
             Began as a Minotaur Abyssal Knight on July 7, 2016.
             Was a Believer of Lugonu.
             Demolished by an orc warrior
             ... wielding a +2 long sword of protection
              (17 damage)
             ... on level 5 of the Dungeon.
             The game lasted 00:02:57 (1933 turns).

Kloppie the Skirmisher (Minotaur Abyssal Knight)    Turns: 1933, Time: 00:02:57

Health: -15/41     AC:  6    Str: 16    XL:     4   Next: 44%
Magic:  4/4        EV:  9    Int:  9    God:    Lugonu [**....]
Gold:   117        SH:  4    Dex: 11    Spells: 0 memorised, 3 levels left

rFire  . . .     SeeInvis .     a - +1 spear
rCold  . . .     Gourm    .     n - +0 scale mail
rNeg   . . .     Faith    .     h - +0 buckler
rPois  .         Spirit   .     (helmet restricted)
rElec  .         Dismiss  .     (no cloak)
rCorr  .         Reflect  .     (no gloves)
SustAt .         Harm     .     (no boots)
MR     .....                    (no amulet)
Stlth  ..........               (no ring)
                                (no ring)

@: not resistant to hostile enchantments, extremely unstealthy
A: retaliatory headbutt, horns 2
a: Depart the Abyss, Bend Space, Renounce Religion


You were on level 5 of the Dungeon.
You worshipped Lugonu.
Lugonu was pleased with you.
You were hungry.

You visited 1 branch of the dungeon, and saw 5 of its levels.
You visited the Abyss 1 time.

You collected 117 gold pieces.

Inventory:

Hand Weapons
 a - a +1 spear (weapon)
Armour
 h - a +0 buckler (worn)
 n - a +0 scale mail (worn)
 u - a +0 shield
Jewellery
 k - an uncursed ring of sustain attributes {unknown}
Scrolls
 e - 3 scrolls of identify {unknown}
 i - a scroll of random uselessness {unknown}
 j - 3 scrolls of blinking {unknown}
 o - a scroll of remove curse {unknown}
 p - a scroll of fog {unknown}
 t - a scroll of enchant weapon {unknown}
Potions
 b - a potion of cancellation {unknown}
 d - a potion of might {unknown}
 l - a potion of lignification {unknown}
 m - 2 potions of curing {unknown}
 s - a potion of resistance {unknown}
Comestibles
 c - a bread ration
 f - a beef jerky
 g - a royal jelly
 q - a chunk of flesh
 r - a meat ration


   Skills:
 + Level 4.7 Fighting
 + Level 3.7 Polearms
 + Level 3.3 Armour
 - Level 1.1 Dodging
 + Level 1.7 Shields
 - Level 1.7 Invocations


You had 3 spell levels left.
You didn't know any spells.

Dungeon Overview and Level Annotations

Branches:
Dungeon (5/15)
 Temple: D:4-7

Altars:
Ashenzari
Dithmenos
Elyvilon
Fedhas
Gozag
Pakellas
Xom


Innate Abilities, Weirdness & Mutations

You reflexively headbutt those who attack you in melee.
You have a pair of horns on your head.


Message History

You hit the giant newt.
You kill the giant newt!
Lugonu accepts your kill.
Found a stone staircase leading down.
There is a stone staircase leading down here.
The orc warrior hits you with a long sword of protection!
* * * LOW HITPOINT WARNING * * *
You climb downwards.
Found a bubbling yellow potion.
There is a stone staircase leading up here.
You hit the orc warrior but do no damage.
You barely miss the orc warrior. Your headbutt misses the orc warrior.
The orc warrior barely misses you.
You barely miss the orc warrior.
You headbutt the orc warrior, but do no damage.
The orc warrior hits you with a long sword of protection.
* * * LOW HITPOINT WARNING * * *
You completely miss the orc warrior.
The orc warrior hits you with a long sword of protection!
You die...

........#
#.......#
#.......#
#.......#
#........
#.......#
#o....!.#
#@......#
#########


You could see an orc warrior.

Vanquished Creatures
  4 adders
  An ooze (D:1)
  A worm (D:2)
  2 dart slugs
  2 giant geckos
  3 orcs
  A giant cockroach (D:2)
  5 goblins
  7 hobgoblins
  7 kobolds
  2 ball pythons
  9 bats
  4 giant newts
  A rat (D:2)
49 creatures vanquished.

Notes
Turn   | Place    | Note
--------------------------------------------------------------
     0 | Abyss:1  | Kloppie the Minotaur Abyssal Knight began the quest for the Orb.
     0 | Abyss:1  | Reached XP level 1. HP: 19/19 MP: 1/1
     4 | D:1      | Escaped the Abyss
   167 | D:1      | Reached * piety under Lugonu
   303 | D:1      | Reached skill level 4 in Fighting
   347 | D:1      | Reached XP level 2. HP: 27/27 MP: 2/2
   790 | D:2      | Found a shattered altar of Ashenzari.
   879 | D:2      | Reached XP level 3. HP: 30/33 MP: 3/3
   903 | D:2      | Reached skill level 1 in Shields
  1398 | D:2      | Reached XP level 4. HP: 38/41 MP: 4/4
  1548 | D:3      | Reached ** piety under Lugonu
  1833 | D:3      | Noticed an orc warrior
  1845 | D:3      | Found a blossoming altar of Fedhas.
  1845 | D:3      | Found an oddly glowing altar of Pakellas.
  1845 | D:3      | Found a shimmering altar of Xom.
  1846 | D:3      | Found an opulent altar of Gozag.
  1846 | D:3      | Found a white marble altar of Elyvilon.
  1846 | D:3      | Found a shadowy altar of Dithmenos.
  1903 | D:4      | Noticed an orc warrior
  1929 | D:5      | Entered Level 5 of the Dungeon
  1932 | D:5      | HP: 1/41 [orc warrior/long sword of protection (5)]
  1933 | D:5      | Demolished by an orc warrior

Skill      XL: |  1  2  3 |
---------------+----------+-----
Fighting       | 4 |  4.7
Armour         | 3 |  3.3
Polearms       | 3 |  3.7
Shields        | 1 |  1.7
Dodging        | |  1.1
Invocations    | |  1.7

Action                   |  1- 3 |  4- 6 || total
-------------------------+-------+-------++-------
Melee: Spear             |    96 |    52 ||   148
       Headbutt          |     8 |     8 ||    16
Invok: Depart the Abyss  |     1 |       ||     1
  Eat: Chunk             |     2 |     1 ||     3
Armor: Ring mail         |    10 |       ||    10
       Scale mail        |    12 |    16 ||    28
Dodge: Dodged            |    29 |    24 ||    53
Block: Buckler           |     7 |     6 ||    13
